AoeStats
← MCGooser

Pilgrims

509135161Analyzed
4v4 RM · 6d ago on Sep 25, 2026· 62m 24s· 8 players
Game mode
Random Map
Map size
Large (8 player)
Population
200
Speed
Normal
Resources
Standard
Victory
Conquest
Starting age
Dark Age
Ending age
Imperial Age
RankedLock teamsTeams togetherTeam positionsShared explorationLock speedFull tech treeHidden civsTurbo modeCheats
Victory
Defeat
🇷🇺 Sicilians · Russia
869
+13
🇫🇮 Saxons · Finland
839
+14
🇮🇳 Cumans · India
808
+15
🇮🇳 Persians · India
675
+21
🇮🇩 Huns · Indonesia
809
-16
🇮🇳 Franks · India
792
-16
🇺🇸 Cumans · United States
787
-16
🇮🇩 Persians · Indonesia
775
-30
Bhramos
7:43 Loom
10:29 Feudal Age
12:18 Double-Bit Axe
16:59 Forging
24:28 Castle Age
25:19 Fishing Lines
26:07 Stone Mining
26:10 Gold Mining
26:38 Husbandry
27:49 Scale Barding Armor
28:20 Iron Casting
29:17 Gillnets
30:14 Chain Barding Armor
35:17 Imperial Age
34:09 Bow Saw
34:27 Ballistics
34:03 Murder Holes
34:36 Fortified Wall
34:53 Caravan
35:23 Coinage
36:18 Cavalier
39:16 Blast Furnace
38:52 Plate Barding Armor
39:27 Paladin
40:53 Fletching
49:50 Banking
50:30 Wheelbarrow
Emanon
4:05 Loom
12:34 Feudal Age
19:37 Castle Age
29:01 Marauders
29:25 Scale Barding Armor
29:11 Horse Collar
31:01 Double-Bit Axe
33:10 Wheelbarrow
32:23 Town Watch
35:44 Hand Cart
35:33 Pikeman
36:14 Squires
35:59 Arson
41:05 Imperial Age
38:48 Heavy Plow
40:06 Coinage
40:26 Caravan
42:46 Banking
42:45 Chain Barding Armor
43:20 Elite Tarkan
44:32 Bow Saw
44:08 Sappers
44:57 Guilds
48:11 Plate Barding Armor
48:59 Halberdier
59:42 Elite Skirmisher
iKalakamalaka
6:55 Loom
16:59 Feudal Age
17:59 Double-Bit Axe
18:05 Arson
18:36 Fishing Lines
19:11 Scale Mail Armor
19:57 Man-at-Arms
22:11 Forging
26:58 Stone Mining
28:04 Bloodlines
34:35 Wheelbarrow
34:59 Gold Mining
38:11 Castle Age
38:45 Wheelbarrow
37:56 Town Watch
40:48 Gillnets
41:38 Steppe Husbandry
45:24 Imperial Age
42:52 Fletching
44:44 Capped Ram
47:46 Siege Ram
49:04 Conscription
49:09 Squires
48:30 Pikeman
49:10 Bodkin Arrow
49:20 Scale Barding Armor
52:31 Hoardings
53:07 Hand Cart
55:19 Murder Holes
55:46 Ballistics
61:06 Chemistry
60:19 Masonry
60:19 Town Patrol
Veluxz
12:32 Feudal Age
15:45 Fishing Lines
21:00 Castle Age
21:14 Double-Bit Axe
21:12 Horse Collar
22:13 Heavy Plow
22:26 Bow Saw
23:12 Wheelbarrow
23:58 Medium Warships
25:34 Gillnets
33:13 Imperial Age
33:49 Hand Cart
38:34 Scale Barding Armor
38:53 Husbandry
39:07 Forging
38:31 Light Cavalry
40:54 Bloodlines
41:21 Iron Casting
41:08 Chain Barding Armor
43:42 Two-Man Saw
44:39 Heavy Warships
47:40 Fletching
47:50 Padded Archer Armor
48:13 Citadels
47:32 Hussar
49:59 Murder Holes
51:22 Ballistics
52:04 Chemistry
52:50 Bodkin Arrow
53:11 Leather Archer Armor
53:06 Siphons
55:39 Blast Furnace
dundergubbe
9:35 Loom
12:17 Feudal Age
14:25 Man-at-Arms
22:49 Castle Age
22:40 Forging
27:13 Long Swordsman
30:23 Gambesons
33:56 Imperial Age
31:54 Double-Bit Axe
34:40 Horse Collar
36:24 Two-Handed Swordsman
39:17 Wheelbarrow
39:54 Fishing Lines
41:18 Bow Saw
43:36 Town Watch
44:54 Fletching
45:41 Iron Casting
45:30 Bodkin Arrow
45:08 Champion
45:50 Squires
49:34 Hand Cart
49:20 Town Patrol
49:03 Onager
50:36 Medium Warships
53:13 Heavy Warships
56:55 Sanctity
58:12 Chemistry
57:41 Shipwright
60:27 Careening
60:28 Siege Engineers
60:47 Ballistics
MCGooser
8:53 Loom
15:39 Feudal Age
18:16 Gold Mining
18:43 Horse Collar
23:18 Castle Age
22:23 Double-Bit Axe
25:09 Crossbowman
26:20 Bow Saw
26:12 Heavy Plow
26:25 Crossbowman
34:41 Fletching
34:53 Padded Archer Armor
40:13 Imperial Age
41:32 Onager
41:40 Arbalester
43:40 Capped Ram
43:55 Elite Serjeant
45:37 Scale Mail Armor
45:48 Forging
48:34 Siege Ram
52:04 Bodkin Arrow
52:25 Leather Archer Armor
52:46 Iron Casting
52:26 Chain Mail Armor
60:26 Pikeman
Sukshi macchli
6:01 Loom
13:43 Feudal Age
14:58 Wheelbarrow
15:19 Town Watch
19:35 Castle Age
18:44 Fishing Lines
20:20 Hand Cart
22:48 Horse Collar
24:00 Husbandry
24:10 Bloodlines
25:41 Double-Bit Axe
29:33 Gold Mining
31:04 Scale Barding Armor
33:55 Bow Saw
34:21 Gold Shaft Mining
33:39 Stone Mining
36:58 Fletching
37:19 Forging
37:29 Chain Barding Armor
38:37 Bodkin Arrow
40:32 Stone Shaft Mining
40:00 Heavy Plow
45:01 Iron Casting
48:18 Imperial Age
49:01 Conscription
48:43 Heavy Camel Rider
50:30 Blast Furnace
50:05 Plate Barding Armor
50:31 Crop Rotation
51:09 Elite War Elephant
55:09 Cavalier
58:55 Light Cavalry
60:49 Hussar
RiSHisOm
4:48 Loom
14:22 Feudal Age
16:09 Wheelbarrow
15:22 Double-Bit Axe
20:49 Horse Collar
21:01 Gold Mining
29:32 Castle Age
28:52 Scale Barding Armor
30:33 Heavy Plow
30:45 Bow Saw
31:09 Hand Cart
36:11 Imperial Age
34:52 Chain Barding Armor
34:21 Capped Ram
37:07 Padded Archer Armor
36:58 Fletching
36:52 Siege Ram
41:25 Plate Barding Armor
40:12 Elite Steppe Lancer
45:51 Bodkin Arrow
46:11 Leather Archer Armor
45:20 Elite Kipchak
51:24 Coinage
51:04 Guilds
61:40 Two-Man Saw
61:12 Crop Rotation
Connection lost

Rejoining the realm…

Still unreachable

The connection could not be restored.

Session expired

The server has moved on; the page needs a fresh start.